 Dungeon Crawl Stone Soup version 0.31-a0-460-g9e667d4245 (webtiles) character file.

Game seed: 9815099831547244291

435 RepHenryClay the Reanimator (level 6, -1/32 HPs)
             Began as a Deep Elf Necromancer on Aug 5, 2023.
             Succumbed to a killer bee's poison
             ... on level 5 of the Dungeon.
             The game lasted 00:03:45 (2936 turns).

RepHenryClay the Reanimator (Deep Elf Necromancer)  Turns: 2936, Time: 00:03:45

Health: -1/32      AC:  2    Str:  5    XL:     6   Next: 68%
Magic:  5/12       EV: 13    Int: 20    God:
Gold:   262        SH:  0    Dex: 17    Spells: 7/11 levels left

rFire   . . .        a - +1 dagger (elec)
rCold   . . .        (no shield)
rNeg    . . .        f - +0 robe
rPois   .            (no helmet)
rElec   .            (no cloak)
rCorr   .            (no gloves)
SInv    .            (no boots)
Will    +....        l - amulet of magic regeneration
Stlth   ++           (no ring)
HPRegen 0.25/turn    (no ring)
MPRegen 0.53/turn

%: no passive effects
@: lethally poisoned (-1 -> -8), enlightened, flying, very slightly contaminated
A: no striking features
a: no special abilities


You were on level 5 of the Dungeon.
You visited 1 branch of the dungeon, and saw 5 of its levels.

You collected 262 gold pieces.

Inventory:

Hand Weapons
 a - a +1 dagger of electrocution (weapon)
Armour
 f - a +0 robe (worn)
Magical Staves
 s - a staff of cold
Jewellery
 j - an amulet of the acrobat
 l - an amulet of magic regeneration (around neck)
 n - a ring of fire
Scrolls
 c - a scroll of amnesia {unknown}
 g - 2 scrolls of identify {unknown}
 i - a scroll of summoning {unknown}
 k - a scroll of poison {unknown}
 o - a scroll of revelation {unknown}
 p - a scroll of enchant armour {unknown}
 q - a scroll of fear {unknown}
 t - a scroll of vulnerability {unknown}
Potions
 b - a potion of magic
 d - a potion of mutation {unknown}
 e - a potion of ambrosia {unknown}
 h - a potion of enlightenment
 m - a potion of curing {unknown}
 r - 2 potions of heal wounds {unknown}
 u - a potion of attraction {unknown}


   Skills:
 + Level 4.3 Short Blades
 - Level 2.4 Dodging
 - Level 2.4 Stealth
 - Level 3.0 Spellcasting
 + Level 8.0 Necromancy


You had 7 spell levels left.
You knew the following spells:

 Your Spells              Type           Power      Damage    Failure   Level
a - Necrotise             Necr           100%       1d9       1%          1
b - Vampiric Draining     Necr           35%        2d8       1%          3

Your spell library contained the following spells:

 Spells                   Type           Power      Damage    Failure   Level
 Animate Dead             Necr           35%        N/A       5%          4
 Apportation              Tloc           6%         N/A       14%         1
 Summon Small Mammal      Summ           12%        N/A       14%         1
 Agony                    Necr           35%        N/A       14%         5


Dungeon Overview and Level Annotations

Branches:
Dungeon (5/15)
 Temple: D:4-7

Altars:
Dithmenos
Qazlal
Wu Jian


Message History

Casting: Necrotise (safe; 1% risk of failure)
Confirm with . or Enter, or press ? or * to list all spells.
Aiming: Necrotise (safe; 1% risk of failure)
Press: ? - help, Shift-Dir - straight line, f/p - killer bee
Aim: a killer bee (severely wounded, chance to affect: 88%)
The killer bee writhes in agony.
You kill the killer bee!
You feel sick. The killer bee closely misses you. x2
Your Necromancy skill increases to level 8!
Damage: -7%(-2hp) hp: 72%(23hp) Unknown command.
Casting: Necrotise (safe; 1% risk of failure)
Confirm with . or Enter, or press ? or * to list all spells.
Aiming: Vampiric Draining (safe; 1% risk of failure)
Press: ? - help, Shift-Dir - straight line, f - killer bee
Aim: a killer bee You miscast Vampiric Draining.
You are very lightly contaminated with residual magic.
Nothing appears to happen.
You feel sick. The killer bee stings you. The killer bee barely misses you.
Damage: -12%(-4hp) hp: 60%(19hp)
Casting: Vampiric Draining (safe; 1% risk of failure)
Confirm with . or Enter, or press ? or * to list all spells.
Aiming: Vampiric Draining (safe; 1% risk of failure)
Press: ? - help, Shift-Dir - straight line, f/p - killer bee
Aim: a killer bee You draw life force from the killer bee.
You feel life coursing into your body.
You feel sick. The killer bee stings you. The killer bee closely misses you.
The killer bee stings you!
* * * LOW HITPOINT WARNING * * *
The killer bee stings you.
* * * LOW HITPOINT WARNING * * *
You are more poisoned.
The killer bee poisons you!
Huge Dmg: -56%(-18hp) hp: 4%(1hp) It was a potion of enlightenment.
You feel very buoyant.
You fly up into the air.
You die...

...<...........#
### #.........####
#.## ###...#####
##... ##....##
#.... #...#..##
#>... ##...##..##
##...
#...####..######...
#...# ##..##......
#@.## ##.....##..
#.yy# ##.######..
#..## #..# #8. ...#
#.## #.. #...# ##.#
#P. ...## #..# #8.
#... #.## ### ...#
##.# #..#


You could see 2 killer bees.

Vanquished Creatures
  An ogre (D:4)
  A phantom (D:3)
  A killer bee (D:5)
  A jelly (D:4)
  A hound (D:4)
  A bullfrog skeleton (D:5)
  An orc wizard (D:4)
  A scorpion zombie (D:5)
  3 gnolls (D:3)
  An adder (D:4)
  A worm (D:5)
  3 dart slugs
  6 orcs
  2 ball pythons
  4 endoplasms
  2 giant cockroaches
  6 goblins
  3 hobgoblins
  2 quokkas
  A bat (D:1)
  4 frilled lizards
  4 kobolds
  7 rats
57 creatures vanquished.

Notes
Turn   | Place    | Note
-------+----------+-------------------------------------------
     0 | D:1      | RepHenryClay the Deep Elf Necromancer began the quest for
                  | the Orb.
     0 | D:1      | Reached XP level 1. HP: 10/10 MP: 6/6
    93 | D:1      | Reached skill level 5 in Necromancy
   258 | D:1      | Reached XP level 2. HP: 15/15 MP: 4/8
  1224 | D:2      | Reached XP level 3. HP: 19/19 MP: 9/9
  1293 | D:2      | Reached skill level 6 in Necromancy
  1831 | D:3      | Noticed a phantom
  1834 | D:3      | Killed a phantom
  1835 | D:3      | Reached XP level 4. HP: 24/24 MP: 10/10
  1901 | D:3      | Reached XP level 5. HP: 22/28 MP: 6/11
  1950 | D:3      | Found a shadowy altar of Dithmenos.
  1964 | D:3      | Found an ornate altar of the Wu Jian Council.
  2108 | D:3      | Learned a level 3 spell: Vampiric Draining
  2354 | D:4      | Reached skill level 7 in Necromancy
  2473 | D:4      | Found a stormy altar of Qazlal.
  2598 | D:4      | Noticed an ogre
  2604 | D:4      | Killed an ogre
  2605 | D:4      | Reached XP level 6. HP: 32/32 MP: 9/12
  2781 | D:5      | Entered Level 5 of the Dungeon
  2934 | D:5      | Reached skill level 8 in Necromancy
  2935 | D:5      | HP: 1/32 [killer bee (4)]
  2936 | D:5      | Succumbed to a killer bee's poison

Illustrated notes

Levels and vault maps discovered:
D:1:      dpeg_arrival_brainrot, layout_loops_ring,
          chequers_serial_rivers_micro_d, serial_bayou_lake_a
D:2:      minmay_spotlight, layout_basic
D:3:      layout_rooms, mainiacjoe_overflow_large_starburst,
          serial_bayou_lagoon_a, kennysheep_nondescript
D:4:      layout_basic, nicolae_qazlal_general_emergency
D:5:      layout_cave_pods, nicolae_uskayaw_dance_hall,
          mainiacjoe_overflow_brackets, serial_undead, serial_undead_e,
          serial_undead_f, serial_undead_c, serial_undead_a

Skill      XL: |  1  2  3  4  5  6 |
---------------+-------------------+-----
Necromancy     | 5 6 7 8 |  8.0
Short Blades   | 2 3 4 |  4.3
Dodging        | |  2.4
Stealth        | |  2.4
Spellcasting   | |  3.0

Action                     |  1- 3 |  4- 6 || total
---------------------------+-------+-------++-------
  Melee: Dagger            |    12 |    14 ||    26
   Cast: Necrotise         |    46 |    57 ||   103
         Vampiric Draining |       |     2 ||     2
    Use: Potion            |       |     1 ||     1
   Stab: Sleeping          |     1 |       ||     1
 Armour: Robe              |     1 |     3 ||     4
  Dodge: Dodged            |     5 |    19 ||    24

Table legend: (Time is in decaauts)
 A = Elapsed time spent in this place.
 B = Non-inter-level travel time spent in this place.
 C = Inter-level travel time spent in this place.
 D = Time resting spent in this place.
 E = Time spent auto-exploring this place.
 F = Levels seen in this place.
 G = Mean time per level.
                   A        B        C        D        E       F      G
               +--------+--------+--------+--------+--------+-----+--------+
         Total |   2972 |   2872 |    100 |      0 |   2553 |   5 |  594.4 |
       Dungeon |   2972 |   2872 |    100 |      0 |   2553 |   5 |  594.4 |
               +--------+--------+--------+--------+--------+-----+--------+

Top non-repeatable levels by time:
     D:1: 1002 daAuts
     D:2: 863 daAuts
     D:3: 491 daAuts
     D:4: 461 daAuts
     D:5: 153 daAuts
